[Event "*** Titled Tuesday Blitz"]
[Site "Chess.com"]
[Date "2020.10.27"]
[Round "9"]
[White "kakakz"]
[Black "Kaliopa"]
[Result "1-0"]
[WhiteElo "2383"]
[BlackElo "2223"]
[TimeControl "180+1"]
[EndTime "11:45:52 PDT"]
[Termination "kakakz won by resignation"]

1. d4 Nf6 2. c4 e6 3. Nf3 d5 4. g3 Be7 5. Bg2 O-O 6. O-O dxc4 7. Ne5 Nc6 8. Nxc6 bxc6 9. e3 Rb8 10. Qa4 Bb7 11.
Qxc4 c5 12. Bxb7 Rxb7 13. dxc5 Qd5 14. Qc2 Bxc5 15. Nc3 Qh5 16. Qe2 Ng4 17. f3 Nf6 18.
Kg2 Rbb8 19. e4 Rfd8 20. Bf4 e5 21. g4 Qg6 22. Bxe5 Rbc8 23. Rad1 Re8 24. Bxf6 Qxf6 25. Nd5 Qg6 26. Ne3 h5 27. h3 hxg4 28. hxg4 Qg5 29.
Nf5 Qf4 30. Qd2 Qxd2+ 31. Rxd2 g6 32. Nd4 Rcd8 33. Rfd1 Rb8 34. b3 Red8 35. Nc6 Rxd2+ 36. Rxd2 Rb6 37. Na5 Ra6 38. Nc4 Rd6 39. Nxd6 1-0

[Event "*** Titled Tuesday Blitz"]
[Site "Chess.com"]
[Date "2020.10.27"]
[Round "9"]
[White "Infernal_XaM"]
[Black "ChessWarrior7197"]
[Result "0-1"]
[WhiteElo "2845"]
[BlackElo "2981"]
[TimeControl "180+1"]
[EndTime "11:45:53 PDT"]
[Termination "ChessWarrior7197 won by resignation"]

1. d4 d5 2. Nf3 Nf6 3. c4 c6 4. e3 e6 5. Nc3 Nbd7 6. Bd2 Bd6 7.
Qc2 O-O 8. Be2 dxc4 9. Bxc4 b5 10. Bd3 Bb7 11. a3 a6 12. b4 Rc8 13. Ng5 h6 14. Nge4 Be7 15. Nc5 Bxc5 16. dxc5 Qe7 17. O-O Rcd8 18.
Rfd1 e5 19. Bf1 Bc8 20. Ne4 Nxe4 21. Qxe4 Qe6 22. Bc3 f5 23. Qh4 Nf6 24. Qg3 f4 25. exf4 Ne4 26. Qe3 exf4 27. Qe1 f3 28. g3 Rde8 29.
Rd4 Qg6 30. Qc1 Ng5 31. Qd2 Nh3+ 32. Kh1 Qh5 33. Re1 Re2 34. Bxe2 Nxf2+ 35. Kg1 Ng4 36. Bxf3 Rxf3 37. Rd8+ Kh7 38. Re7 Rxc3 39. Rxg7+ Kxg7 40. Qxc3+ Kh7 41. Qh8+ Kg6 42. Rd7 Qxh2+ 0-1

[Event "*** Titled Tuesday Blitz"]
[Site "Chess.com"]
[Date "2020.10.27"]
[Round "9"]
[White "silverback96"]
[Black "SanchezKelvin"]
[Result "1-0"]
[WhiteElo "2246"]
[BlackElo "2366"]
[TimeControl "180+1"]
[EndTime "11:45:53 PDT"]
[Termination "silverback96 won by resignation"]

1. e4 e5 2. Nf3 Nc6 3. Bc4 Bc5 4. O-O Nf6 5. d4 Bxd4 6. Nxd4 Nxd4 7. f4 d6 8. fxe5 dxe5 9. Bg5 Be6 10. Na3 Qe7 11. c3 Bxc4 12. Bxf6 gxf6 13. Nxc4 Ne6 14. Ne3 Rd8 15. Nd5 Qc5+ 16. Kh1 Nf4 17. Nxf6+ Ke7 18. Nd5+ Nxd5 19. exd5 Qxd5 20. Qh5 f6 21. Rae1 Qe6 22.
Qh6 Rdf8 23. Qg7+ Kd8 24. Rd1+ Kc8 25. Rd2 Qf7 26. Qg4+ f5 27. Qa4 Kb8 28. Rd7 Qe6 29. Rfd1 a6 30. R1d5 Rhg8 31. Qc4 Qc6 32. Qxc6 bxc6 33. Rxe5 Rd8 34. Rxd8+ Rxd8 35. h4 Rd2 36. Rxf5 Rxb2 37. Rh5 Rxa2 38. Rxh7 a5 39. Rh5 Kb7 40. Rg5 Kb6 41. h5 a4 42. h6 a3 43. h7 Ra1+ 44.
Kh2 a2 45. h8=Q Rb1 46. Qd4+ Kb7 47. Ra5 a1=Q 48. Rxa1 Rxa1 1-0

[Event "*** Titled Tuesday Blitz"]
[Site "Chess.com"]
[Date "2020.10.27"]
[Round "9"]
[White "gagtemp"]
[Black "reniite"]
[Result "1/2-1/2"]
[WhiteElo "1964"]
[BlackElo "1930"]
[TimeControl "180+1"]
[EndTime "11:45:54 PDT"]
[Termination "Game drawn by repetition"]

1. e4 e5 2. Nf3 Nc6 3. Bc4 Nf6 4. d3 Bc5 5. a4 a6 6. O-O d6 7. Re1 Bg4 8. h3 Be6 9. Bxe6 fxe6 10. c3 Ba7 11. Be3 Qd7 12. Nbd2 O-O 13. b4 Qf7 14. b5 Bxe3 15. Rxe3 Ne7 16. Nf1 Ng6 17. N1h2 Nf4 18. d4 exd4 19. Nxd4 Qg6 20. Rg3 Qxe4 21. Qb3 d5 22.
Nhf3 N6h5 23. Ng5 Qg6 24. Rg4 Qh6 25. Re1 Rae8 26. g3 e5 27. Ndf3 Nd3 28. Re3 e4 29. Qxd5+ Kh8 30. Nxe4 Ndf4 31. Qd4 Nxh3+ 32. Kg2 Nxf2 33.
Kxf2 Nf6 34. Nxf6 Rxe3 35. Qxe3 Qxf6 36. Ke2 Qf7 37. Rf4 Qa2+ 38. Qd2 Re8+ 39. Kd1 Qb1+ 40. Qc1 Qd3+ 41. Qd2 Qb1+ 42. Qc1 Qd3+ 43. Qd2 Qb1+ 1/2-1/2

[Event "*** Titled Tuesday Blitz"]
[Site "Chess.com"]
[Date "2020.10.27"]
[Round "9"]
[White "TheMagnet"]
[Black "MrChampion_Coach"]
[Result "0-1"]
[WhiteElo "2552"]
[BlackElo "2435"]
[TimeControl "180+1"]
[EndTime "11:45:56 PDT"]
[Termination "MrChampion_Coach won by resignation"]

1. d4 Nf6 2. c4 e6 3. Nc3 Bc5 4. f3 Bb4 5. e4 d6 6. Ne2 Nc6 7. Be3 O-O 8. a3 Bxc3+ 9. Nxc3 e5 10. d5 Ne7 11. Bd3 Nh5 12. Qd2 f5 13. exf5 Nxf5 14. Bxf5 Bxf5 15. g4 Qh4+ 16. Bf2 Qh3 17. gxh5 Qxf3 18.
Rg1 Qxh5 19. Qg5 Qf7 20. O-O-O Bg6 21. Be3 Qd7 22. Rdf1 Qh3 23. Rxf8+ Rxf8 24. Qg3 Qf5 25. Qg2 Qd3 26. Qd2 Qxc4 27. b4 Rf3 28. Kb2 a5 29.
bxa5 Qh4 30. Rg2 Qh3 31. Re2 Qf5 32. Rf2 e4 33. Rxf3 exf3 34. Qf2 Qd3 35. h4 h6 36. Bd4 Kh7 37. Be3 Bf5 38. Bd4 Bg6 39. Qg1 Qd2+ 40. Ka1 Qc2 41. Qf2 Qb3 42. Qb2 Qc4 43. Bf2 Qf1+ 44. Ka2 Bd3 45. Be3 Bc4+ 46. Qb3 Qg2+ 47. Bd2 Qxd2+ 0-1

[Event "*** Titled Tuesday Blitz"]
[Site "Chess.com"]
[Date "2020.10.27"]
[Round "9"]
[White "Ural_bogatyr"]
[Black "TudorAnton"]
[Result "1-0"]
[WhiteElo "2368"]
[BlackElo "2485"]
[TimeControl "180+1"]
[EndTime "11:45:57 PDT"]
[Termination "Ural_bogatyr won by checkmate"]

1. e4 g6 2. d4 Bg7 3. Nc3 d6 4.
h4 h5 5. Nh3 c5 6. dxc5 Bxc3+ 7. bxc3 Qa5 8. cxd6 Qxc3+ 9. Bd2 Qd4 10. Ng5 Qxd6 11.
Bc4 Nh6 12. Qf3 O-O 13. Bc3 Nc6 14. Bb3 Bg4 15. Qe3 Rad8 16. O-O e5 17. f3 Bc8 18. Rad1 Nd4 19. Bb2 Qb6 20. Ba3 Rfe8 21. Bd5 Nxc2 22. Qxb6 axb6 23. Bc1 Kg7 24. Kf2 f6 25. Nh3 Bxh3 26.
gxh3 Ng8 27. Bxb7 Ne7 28. f4 Nd4 29. fxe5 fxe5 30. Bg5 Rd7 31. Ba6 Nec6 32. Bc4 Ra8 33. Kg3 Ra3+ 34. Kg2 Nd8 35. Bf6+ Kh7 36. Bxe5 N8e6 37.
Bxe6 Re7 38. Rxd4 Rxe6 39. Rd7+ Kg8 40. Rg7+ Kh8 41. Re7+ Rxe5 42. Rxe5 Rxa2+ 43. Kg3 Ra7 44. Kf4 Kg7 45. Kg5 Rc7 46. Re6 Rc5+ 47. e5 Kh7 48. Re7+ Kg8 49. Kxg6 Rc8 50. e6 Rc6 51. Rb7 Rxe6+ 52.
Kf5 Re8 53. Rg1+ Kf8 54. Rg5 Re2 55. Rxh5 Rf2+ 56. Kg4 Kg8 57. Kg3 Rb2 58. Rd5 Rb3+ 59. Kg4 Rb4+ 60. Kg5 Rb5 61. Rxb5 Kh8 62. R5xb6 Kg8 63.
Rc6 Kh8 64. Rc8# 1-0

[Event "*** Titled Tuesday Blitz"]
[Site "Chess.com"]
[Date "2020.10.27"]
[Round "9"]
[White "parintele_chess"]
[Black "Fortitudine"]
[Result "0-1"]
[WhiteElo "2150"]
[BlackElo "2282"]
[TimeControl "180+1"]
[EndTime "11:45:57 PDT"]
[Termination "Fortitudine won by resignation"]

1. c4 Nf6 2. g3 c5 3. Bg2 g6 4.
Nc3 Bg7 5. a3 O-O 6. b4 d6 7. Nf3 Be6 8. O-O Bxc4 9. bxc5 dxc5 10.
Rb1 b6 11. Ne5 Bd5 12. Nxd5 Nxd5 13. Qb3 e6 14. Nc4 Nc6 15. d3 Nd4 16. Qd1 Nc3 17.
Qe1 Nxb1 18. Bxa8 Qxa8 19. Bb2 Nxa3 20. Bxa3 Qd5 21. Ne3 Qb3 22. Bc1 Nc2 23. Qd2 Nxe3 24. Qxe3 Bd4 25. Qg5 Qc3 26. Bd2 Qb2 27. Bf4 Bf6 28.
Qh6 Rd8 29. h4 Bg7 30. Qg5 Qf6 31. Qg4 Qf5 32. Qf3 e5 33. e4 Qf6 34. Ra1 exf4 35.
Rxa7 fxg3 36. Qxg3 Rf8 37. f4 Qd4+ 38. Kg2 c4 39. dxc4 Qxe4+ 40. Qf3 Qxc4 0-1

[Event "*** Titled Tuesday Blitz"]
[Site "Chess.com"]
[Date "2020.10.27"]
[Round "9"]
[White "Kapibara_Warri0r"]
[Black "kreonx"]
[Result "1-0"]
[WhiteElo "2139"]
[BlackElo "2304"]
[TimeControl "180+1"]
[EndTime "11:45:57 PDT"]
[Termination "Kapibara_Warri0r won by resignation"]

1. e4 c6 2. d4 d5 3. Nc3 dxe4 4.
Nxe4 Nf6 5. Nxf6+ exf6 6. c3 Bd6 7. Bd3 O-O 8. Qf3 Re8+ 9. Ne2 Qc7 10. h3 c5 11. O-O Nc6 12. Qh5 g6 13. Qh4 f5 14.
Nf4 Be7 15. Nd5 Bxh4 16. Nxc7 Be6 17. Nxa8 Rxa8 18. dxc5 Rd8 19. Be2 Be7 20. Be3 Ne5 21. Rfd1 Rc8 22. b4 a6 23. Bd4 Nc6 24. Bf3 f6 25.
Re1 Kf7 26. Rad1 Bf8 27. a3 g5 28. g3 g4 29. Bg2 h5 30. hxg4 fxg4 31. a4 Bb3 32.
Ra1 Nxd4 33. cxd4 Rd8 34. d5 Bxd5 35. Rad1 Bxg2 36. Rxd8 Bf3 37. Rc8 Bc6 38. Rb1 h4 39. gxh4 g3 40. fxg3 Be4 41. Rb2 Bg7 42. b5 f5 43. Rb4 axb5 44. axb5 Bc3 45. Ra4 Bc2 46. Rc4 Be4 47. Rxc3 1-0

[Event "*** Titled Tuesday Blitz"]
[Site "Chess.com"]
[Date "2020.10.27"]
[Round "9"]
[White "TheChessChannel"]
[Black "sokidze"]
[Result "0-1"]
[WhiteElo "2436"]
[BlackElo "2609"]
[TimeControl "180+1"]
[EndTime "11:45:58 PDT"]
[Termination "sokidze won by checkmate"]

1. c4 c5 2. g3 Nc6 3. Bg2 e5 4. Nc3 g6 5. d3 Bg7 6. Nf3 Nge7 7.
Bg5 h6 8. Bd2 O-O 9. Qc1 Kh7 10.
h4 h5 11. Nb5 d6 12. Ng5+ Kg8 13. Ne4 Nf5 14. Bh3 a6 15. Nbc3 Nfe7 16. Bxc8 Rxc8 17. g4 hxg4 18. h5 f5 19. h6 Bh8 20. h7+ Kf7 21.
Ng5+ Kf6 22. Kf1 d5 23. cxd5 Nxd5 24. Nge4+ Kf7 25. Nxd5 Qxd5 26. Qxc5 Qxc5 27. Nxc5 Rc7 28. Rc1 Rfc8 29. Nb3 Ke6 30. Kg2 Nd8 31. Rxc7 Rxc7 32. Rc1 Rxc1 33. Bxc1 Kf7 34. d4 exd4 35. Bf4 Nc6 36.
Nc5 b6 37. Nxa6 Kg7 38. a3 Kxh7 39. b4 Bf6 40. b5 Na5 41. Bc7 Nc4 42. a4 Be5 43. Bxe5 Nxe5 44. Nb4 Kg7 45. Nd5 Nc4 46. Kf1 Kf7 47. Ke1 Ke6 48. Nb4 Kd6 49. Nd3 Kd5 50. Kd1 g5 51. Kc2 f4 52. Nb4+ Kc5 53. Nc6 g3 54. f3 g2 55. Ne5 g1=Q 56. Nd3+ Kd6 57. Kb3 Nd2+ 58. Kc2 Qe3 59. Kd1 Nc4 60. Kc2 Qd2+ 61.
Kb3 Ne3 62. a5 Qc3+ 63. Ka4 Qxa5+ 64. Kb3 Qxb5+ 65. Ka3 Nc4+ 66. Ka2 Qa4+ 67. Kb1 Qb3+ 68. Kc1 Ne3 69. Kd2 Qc2+ 70. Ke1 Qd1+ 71. Kf2 Qf1# 0-1

[Event "*** Titled Tuesday Blitz"]
[Site "Chess.com"]
[Date "2020.10.27"]
[Round "9"]
[White "MarkoPe"]
[Black "davigator"]
[Result "1-0"]
[WhiteElo "2223"]
[BlackElo "2359"]
[TimeControl "180+1"]
[EndTime "11:45:59 PDT"]
[Termination "MarkoPe won by checkmate"]

1. c4 e5 2. Nc3 Bb4 3. Qb3 a5 4. a3 Bc5 5. g3 Nf6 6. Bg2 c6 7. d3 h6 8. Nf3 d6 9. O-O O-O 10. Bd2 Na6 11. Rab1 Qc7 12. Qc2 Bf5 13. Na4 Ba7 14. b4 axb4 15. axb4 Rfe8 16. b5 Nc5 17. b6 Bxb6 18. Nxb6 Ra6 19. Qb2 e4 20. dxe4 Nfxe4 21. Be3 Nf6 22. Rfd1 Bxb1 23. Rxb1 Ng4 24. Bd4 Ne6 25.
Bc3 f6 26. Nd4 Nc5 27. Nf5 Ne5 28. Bh3 Kh7 29. Ne3 Kg8 30. Bf5 Nf7 31. Bg6 Rd8 32. Bxf6 gxf6 33. Qxf6 Ne5 34. Nf5 Nxg6 35. Qxg6+ Kf8 36.
Qxh6+ Ke8 37. Qe6+ Kf8 38. Qh6+ Kg8 39. Qg6+ Kf8 40. Qf6+ Kg8 41. Qg6+ Kf8 42. Qf6+ Kg8 43. Ne7+ Kh7 44. Qg6+ Kh8 45. Qh6# 1-0

[Event "*** Titled Tuesday Blitz"]
[Site "Chess.com"]
[Date "2020.10.27"]
[Round "9"]
[White "GOGIEFF"]
[Black "Jumbo"]
[Result "0-1"]
[WhiteElo "2897"]
[BlackElo "2887"]
[TimeControl "180+1"]
[EndTime "11:46:01 PDT"]
[Termination "Jumbo won by resignation"]

1. d4 d5 2. c4 e6 3. Nc3 Nf6 4. cxd5 exd5 5. Bg5 Be7 6. e3 c6 7.
Qc2 Nbd7 8. Bd3 O-O 9. Nf3 Re8 10.
O-O Nf8 11. h3 g6 12. Rae1 Ne6 13. Bh6 Ng7 14. g4 Bd6 15. Ne5 Bxe5 16. dxe5 Rxe5 17.
f4 Re8 18. f5 gxf5 19. gxf5 Kh8 20. Qf2 Rg8 21. Kh1 Ngh5 22. Rg1 Qd6 23. Rxg8+ Nxg8 24. Bg5 Qg3 25. Qxg3 Nxg3+ 26. Kh2 Bxf5 27. Ba6 bxa6 28.
Kxg3 f6 29. Bh4 Kg7 30. e4 dxe4 31. Nxe4 Re8 32. Kf4 Bxe4 33. Rxe4 Rxe4+ 34. Kxe4 Kf7 35. Bf2 Ke6 36. Bxa7 Ne7 37. Kd4 Nd5 38. Kc5 Kd7 39.
Bb8 f5 40. Kd4 Ke6 41. Kc5 f4 42. Kxc6 f3 43. Bg3 Nb4+ 44. Kb6 Nxa2 45. Kxa6 Kd5 46. Kb5 Nc1 47. b4 Nd3 48. Ka5 f2 49. Bxf2 Nxf2 50. b5 Ne4 51. b6 Nd6 52. h4 Kc6 53. Ka6 h5 54. Ka7 Nc8+ 55. Ka6 Nxb6 0-1

[Event "*** Titled Tuesday Blitz"]
[Site "Chess.com"]
[Date "2020.10.27"]
[Round "9"]
[White "Firouzja2003"]
[Black "Beca95"]
[Result "1-0"]
[WhiteElo "3074"]
[BlackElo "2919"]
[TimeControl "180+1"]
[EndTime "11:46:01 PDT"]
[Termination "Firouzja2003 won on time"]

1. e3 g6 2. d4 Bg7 3. Nf3 d6 4.
b3 Nd7 5. Bb2 Nh6 6. Nbd2 O-O 7.
Be2 e5 8. O-O f5 9. dxe5 dxe5 10. e4 f4 11. Bc4+ Kh8 12. Be6 Re8 13. Bxd7 Bxd7 14.
Nc4 Nf7 15. a4 Bc6 16. Qe2 b6 17. Rad1 Qf6 18. Na3 g5 19. Nd2 Qg6 20. Nb5 Rec8 21. f3 h5 22. Nc4 g4 23. Kh1 a6 24. Nc3 Qe6 25. Nd5 b5 26. Na5 Be8 27. Qe1 bxa4 28. Qh4 Nh6 29. Qg5 Bg6 30. Ne7 Kh7 31. Nxg6 Qxg6 32. Qe7 Re8 33. Qxc7 Rac8 34. Qd7 Rxc2 35. Rd6 Qf7 36. Rxh6+ Kg8 37. Qxf7+ Kxf7 38. Rxa6 Rxb2 39. Nc4 Rxb3 40. Nd6+ Kf8 41. Nxe8 Kxe8 42. Rxa4 Bf8 43. Rc1 Bc5 44. Ra8+ Kd7 45. Rh8 Bd4 46. Rf1 gxf3 47. gxf3 Rb2 48. Rxh5 Kd6 49. Rg5 Be3 50. h4 Bf2 51. Rg2 1-0

[Event "*** Titled Tuesday Blitz"]
[Site "Chess.com"]
[Date "2020.10.27"]
[Round "9"]
[White "bascheyaro"]
[Black "wonderfultime"]
[Result "0-1"]
[WhiteElo "2738"]
[BlackElo "2926"]
[TimeControl "180+1"]
[EndTime "11:46:01 PDT"]
[Termination "wonderfultime won on time"]

1. d4 d5 2. c4 c6 3. Nc3 Nf6 4. cxd5 cxd5 5. Bf4 Nc6 6. e3 a6 7. Nf3 Bg4 8. Rc1 Rc8 9. Be2 e6 10. O-O Bxf3 11. Bxf3 Bd6 12. Bxd6 Qxd6 13. e4 dxe4 14. Nxe4 Nxe4 15. Bxe4 O-O 16. d5 exd5 17. Qxd5 Qb4 18.
Rc4 Qxb2 19. Bxh7+ Kxh7 20. Qh5+ Kg8 21. Rh4 f6 22. Qh7+ Kf7 23. Qh5+ Ke7 24. Qg6 Ne5 25.
Qxg7+ Rf7 26. Qh6 Qe2 27. Rh3 Rg8 28. Re3 Qc2 29. Qf4 Rfg7 30. g3 Rg4 31. Rxe5+ fxe5 32. Qxe5+ Kd7 33. Re1 R4g6 34. Qf4 Rg4 35. Qf3 Kc8 36.
Re7 Qc1+ 37. Kg2 Qc6 38. Qxc6+ bxc6 39. h4 Rxh4 40. Re6 Rc4 41. f4 Rxf4 42. Rxc6+ Kb7 43. Rc3 Ra4 44. a3 Rg5 45. Kh3 Rga5 46. Kg2 Rxa3 47. Kh3 Rxc3 0-1

[Event "*** Titled Tuesday Blitz"]
[Site "Chess.com"]
[Date "2020.10.27"]
[Round "9"]
[White "Shubinkirill2003"]
[Black "SantoBlue"]
[Result "1-0"]
[WhiteElo "2692"]
[BlackElo "2825"]
[TimeControl "180+1"]
[EndTime "11:46:03 PDT"]
[Termination "Shubinkirill2003 won by resignation"]

1. e4 c5 2. Nf3 Nc6 3. Bb5 g6 4. Bxc6 dxc6 5. d3 Bg7 6. h3 e5 7. a4 Qc7 8. a5 Nf6 9. Be3 Nd7 10. Qd2 O-O 11. Bh6 f5 12. Bxg7 Kxg7 13. exf5 gxf5 14. Qg5+ Kh8 15. O-O Qd6 16. Re1 Qe6 17. Nbd2 Rg8 18.
Qh4 Qg6 19. g3 Qg7 20. Nc4 e4 21. dxe4 fxe4 22. Rxe4 Nf6 23. Re5 Bd7 24. Rae1 Raf8 25.
Ng5 Qg6 26. Nd6 Rg7 27. Nge4 Nxe4 28. Nxe4 Qf7 29. Rg5 Re8 30. Rxg7 Qxg7 31. Rd1 Rf8 32. Qg5 Bxh3 33. Qxg7+ Kxg7 34. Nxc5 Bc8 35. b4 h5 36. c3 Kg6 37. Rd6+ Kg7 38. Kg2 Rf7 39. Ne4 Re7 40. Nc5 Bf5 41. Kf3 Bg4+ 42. Kg2 b6 43. axb6 axb6 44. Nd3 Bf5 45. Nf4 Be4+ 46. f3 Bf5 47. Nxh5+ Kh7 48. g4 Re2+ 49. Kg3 Bc2 50. Rxc6 Kg8 51.
Rxb6 Re3 52. Nf6+ Kg7 53. Nd5 Rd3 54. c4 Bd1 55. Rf6 Rxd5 56. cxd5 Kxf6 57. Kf4 Bb3 58.
Ke4 Bc2+ 59. Kd4 Bd1 60. b5 Ke7 61. b6 Kd6 62. Ke4 Bc2+ 63. Kf4 Bb3 64. b7 Kc7 65.
Ke5 Bd1 66. g5 Bxf3 67. g6 Bh5 68. g7 Bf7 69. d6+ Kxb7 70. Kf6 1-0

[Event "*** Titled Tuesday Blitz"]
[Site "Chess.com"]
[Date "2020.10.27"]
[Round "9"]
[White "doons21"]
[Black "ChessQueen"]
[Result "0-1"]
[WhiteElo "2562"]
[BlackElo "2739"]
[TimeControl "180+1"]
[EndTime "11:46:03 PDT"]
[Termination "ChessQueen won by resignation"]

1. e4 c6 2. d3 d5 3. Nd2 e5 4.
Ngf3 Bd6 5. g3 Ne7 6. Bg2 O-O 7. O-O Nd7 8. Nh4 f5 9. Ndf3 Nf6 10. exf5 Nxf5 11.
Re1 e4 12. dxe4 Nxe4 13. Nxf5 Bxf5 14. Be3 Bg4 15. h3 Bh5 16. g4 Bg6 17. c4 dxc4 18. Qd4 b5 19. Ne5 Bxe5 20. Qxe5 Re8 21. Qf4 Re6 22. Rad1 Qe7 23. Bd4 Re8 24. Bxe4 Bxe4 25. Re3 Rf8 26. Qg3 Bd5 27. Rde1 Rxe3 28. Rxe3 Qg5 29.
Qe5 Qxe5 30. Rxe5 Rf3 31. Kh2 a5 32. Re7 g6 33. Rg7+ Kf8 34. Rxh7 b4 35. g5 c3 36. bxc3 bxc3 37. Rh8+ Kf7 38. Rh7+ Ke6 39. Bf6 c2 40. Re7+ Kd6 41. Re1 Be6 42. Kg2 Ra3 43. Rc1 Bxh3+ 44. Kh2 Bf5 45. Kg2 Rxa2 46. f3 Ra4 47.
Kf2 Rb4 48. Ke3 a4 49. Kd2 a3 50. Ra1 Rb1 0-1

[Event "*** Titled Tuesday Blitz"]
[Site "Chess.com"]
[Date "2020.10.27"]
[Round "9"]
[White "bazar-wokzal"]
[Black "ChelsieMonica"]
[Result "1-0"]
[WhiteElo "2499"]
[BlackElo "2341"]
[TimeControl "180+1"]
[EndTime "11:46:03 PDT"]
[Termination "bazar-wokzal won by resignation"]

1. e4 e5 2. Bc4 Nf6 3. d3 c6 4.
Nf3 d5 5. Bb3 Bd6 6. Nc3 d4 7.
Ne2 O-O 8. c3 dxc3 9. bxc3 Bg4 10.
Ng3 Kh8 11. O-O Na6 12. h3 Bxf3 13. Qxf3 Nc5 14. Bc2 h6 15. Nf5 Nh7 16. d4 Ne6 17. Be3 Neg5 18. Qe2 Ne6 19. Rad1 exd4 20. cxd4 Bf4 21.
e5 Qg5 22. h4 Qd8 23. Qd3 g6 24. g3 Bxe3 25. fxe3 h5 26. Nd6 f5 27. Nxb7 Qe7 28.
Nd6 Rab8 29. Bb3 Rfd8 30. Qc4 Nhf8 31. Qxc6 Rb6 32. Qf3 Rdxd6 33. exd6 Qd7 34. e4 Qxd6 35. exf5 gxf5 36. Rd3 Ng7 37. Re1 Kh7 38. Bf7 Rb2 39. Re2 Rb1+ 40. Kg2 Qf6 41. Bxh5 Nfe6 42. Red2 f4 43.
d5 Nc5 44. d6 Nxd3 45. Qxd3+ Kh6 46. Qxb1 Nxh5 47. d7 Qc6+ 48. Kg1 Qc5+ 49. Kf1 Nxg3+ 50. Kg2 Qc6+ 51. Kh2 Qb6 52. Qxb6+ axb6 53. d8=Q Nf1+ 54.
Kh3 Nxd2 55. Qxd2 1-0

[Event "*** Titled Tuesday Blitz"]
[Site "Chess.com"]
[Date "2020.10.27"]
[Round "9"]
[White "AniJak"]
[Black "RamyresCoelho"]
[Result "1-0"]
[WhiteElo "2283"]
[BlackElo "2085"]
[TimeControl "180+1"]
[EndTime "11:46:03 PDT"]
[Termination "AniJak won by checkmate"]

1. e4 c5 2. Nc3 a6 3. g3 Nc6 4.
Bg2 d6 5. Nge2 Nf6 6. d4 cxd4 7. Nxd4 Bd7 8. O-O g6 9. h3 Bg7 10. Be3 Qc8 11. Kh2 O-O 12. Qd2 b5 13. a3 Ne5 14.
Qe2 Nc4 15. Bc1 Rb8 16. Rd1 Nxa3 17. Rxa3 b4 18. Rxa6 bxc3 19. bxc3 Qxc3 20. Ra7 Rfd8 21. Bg5 h6 22. Be3 Rb2 23. Bc1 Rbb8 24. f4 Ng4+ 25. hxg4 Bxd4 26. Ra3 Qc5 27. Rad3 Bg7 28. e5 Bb5 29. e6 f5 30. gxf5 gxf5 31. Qh5 Bxd3 32.
cxd3 Rb1 33. Qf7+ Kh8 34. Qxe7 Rc8 35. Qd7 Rxc1 36. Rxc1 Qxc1 37. e7 Qc7 38. e8=Q+ Rxe8 39. Qxc7 Bf8 40. Qf7 Rd8 41. Qxf5 Bg7 42. Be4 Kg8 43. Bd5+ Kh8 44. Qg6 Rf8 45. f5 Rf6 46. Qe8+ Bf8 47. g4 Kg7 48. Qd7+ Kh8 49. Kg3 h5 50. Qd8 Kg7 51. g5 Rxf5 52. Be4 Rf7 53. Qe8 Kg8 54. Bd5 Kh8 55. Qxf7 Bg7 56. Qg8# 1-0

[Event "*** Titled Tuesday Blitz"]
[Site "Chess.com"]
[Date "2020.10.27"]
[Round "9"]
[White "WiktoriaPOL"]
[Black "HanSchut"]
[Result "0-1"]
[WhiteElo "2079"]
[BlackElo "2219"]
[TimeControl "180+1"]
[EndTime "11:46:03 PDT"]
[Termination "HanSchut won on time"]

1. c4 Nf6 2. Nc3 d5 3. cxd5 Nxd5 4. g3 c5 5. Bg2 Nc7 6. Nf3 Nc6 7. O-O e5 8. d3 Be7 9. a4 Be6 10. a5 O-O 11.
Qa4 Rc8 12. Be3 f6 13. Rac1 Qd7 14. Nd2 Nd5 15. Nxd5 Bxd5 16. Bxc5 Bxg2 17. Kxg2 Qd5+ 18. e4 Qxd3 19. Qb3+ Qxb3 20. Nxb3 Bxc5 21. Rxc5 a6 22. Nd2 Rfd8 23. Nc4 Nd4 24. Rxc8 Rxc8 25. Nd6 Rc7 26. b4 Kf8 27. f4 exf4 28. gxf4 Ke7 29. e5 fxe5 30. fxe5 Ke6 31. Ne8 Rc2+ 32. Kg3 Kxe5 33.
Nxg7 Rc3+ 34. Kg2 Rb3 35. Re1+ Kd5 36. Re7 Rxb4 37. Nh5 Kc4 38. Rxh7 Kd3 39. Rd7 Rb2+ 40. Kg3 Rb5 41. Nf4+ Ke4 42. h4 Nf5+ 43. Kg4 Ne3+ 44. Kg3 Re5 45. Ne2 Nd5 46. Nc1 Rf5 0-1

[Event "*** Titled Tuesday Blitz"]
[Site "Chess.com"]
[Date "2020.10.27"]
[Round "9"]
[White "Guenplen"]
[Black "ENajer77"]
[Result "1/2-1/2"]
[WhiteElo "2840"]
[BlackElo "2699"]
[TimeControl "180+1"]
[EndTime "11:46:06 PDT"]
[Termination "Game drawn - insufficient material"]

1. d4 Nf6 2. Bf4 c5 3. d5 e6 4. Nc3 b5 5. e4 a6 6. dxe6 dxe6 7. Qxd8+ Kxd8 8. O-O-O+ Nfd7 9. a4 b4 10. Nb1 Bb7 11. Nd2 e5 12. Be3 Nc6 13. Nc4 Kc7 14. Rxd7+ Kxd7 15. Nb6+ Kc7 16. Nxa8+ Bxa8 17. Bxa6 f5 18.
exf5 Nd4 19. Nf3 Nxf5 20. Rd1 Bd6 21. Ng5 Bxg2 22. Ne6+ Kb6 23. Nxg7 Kxa6 24. Nxf5 Bf8 25. Rd8 Rg8 26. Kd2 Be4 27. Nh6 Rh8 28. Nf7 Rg8 29.
Nxe5 h5 30. h4 Bh7 31. b3 Be7 32. Rd7 Rd8 33. Rxd8 Bxd8 34. Bxc5 Bxh4 35. Bxb4 Bxf2 36. Bc3 h4 37. Ke2 Bg3 38. Nf3 Bxc2 39. b4 Bxa4 40.
Be5 Bb5+ 41. Ke3 Bc6 42. Bxg3 hxg3 43. Ng1 Kb5 44. Kf4 g2 45. Kg3 Kxb4 46. Kf2 Bb5 47. Kxg2 1/2-1/2

[Event "*** Titled Tuesday Blitz"]
[Site "Chess.com"]
[Date "2020.10.27"]
[Round "9"]
[White "Harsha_Bharathakoti"]
[Black "chessdjw"]
[Result "1/2-1/2"]
[WhiteElo "2815"]
[BlackElo "2657"]
[TimeControl "180+1"]
[EndTime "11:46:07 PDT"]
[Termination "Game drawn by repetition"]

1. c4 g6 2. Nc3 Bg7 3. d4 d6 4. e4 e5 5. d5 a5 6. Bd3 Na6 7. Nge2 Nc5 8. Bc2 Nf6 9. O-O O-O 10.
a3 Bd7 11. b3 c6 12. Rb1 cxd5 13. cxd5 b5 14. b4 axb4 15. axb4 Na4 16. Bxa4 bxa4 17.
Ba3 Ne8 18. b5 f5 19. Qd3 f4 20. f3 Qb6+ 21. Kh1 g5 22. Rb4 g4 23. Nxa4 Rxa4 24. Rxa4 Bxb5 25. Qb3 Nc7 26. Rb4 Qa6 27. Rxb5 Nxb5 28.
Ra1 Nxa3 29. Ng1 Ra8 30. fxg4 Qa4 31. Qb7 Bf8 32. Nf3 Qa7 33. Qb3 Qe3 34. Qb7 Ra7 35. Qc8 Nb5 36. Qe6+ Kh8 37. Qf6+ Kg8 38. Qe6+ Kg7 39.
Re1 Qc3 40. g5 Ra1 41. Qf6+ Kg8 42. Qe6+ Kh8 43. Qf6+ Kg8 44. Qe6+ Kh8 45. Qf6+ Kg8 1/2-1/2

[Event "*** Titled Tuesday Blitz"]
[Site "Chess.com"]
[Date "2020.10.27"]
[Round "9"]
[White "MarceloPlaya"]
[Black "MasterKroket"]
[Result "0-1"]
[WhiteElo "2269"]
[BlackElo "2417"]
[TimeControl "180+1"]
[EndTime "11:46:07 PDT"]
[Termination "MasterKroket won on time"]

1. e4 c5 2. Nf3 e6 3. d4 cxd4 4.
Nxd4 Nc6 5. Nc3 Qc7 6. Be3 a6 7. Qd2 Nf6 8. f3 Bb4 9. O-O-O Ne5 10. g4 h6 11. Bd3 b5 12. h4 Bb7 13. g5 Nh5 14. gxh6 gxh6 15. Bxh6 Nxd3+ 16. cxd3 Bxc3 17. bxc3 Rxh6 18. Qxh6 Qxc3+ 19. Nc2 Rc8 20. Rh2 Qa1+ 21. Kd2 Rxc2+ 22. Kxc2 Qxa2+ 23. Kc1 Qa1+ 24. Kd2 Qb2+ 25. Ke3 Qxh2 26. Qxh5 d5 27. Qh8+ Ke7 28. Qd4 Qxh4 29. Qc5+ Kf6 30. Qc7 Qg5+ 31. Qf4+ Qxf4+ 32. Kxf4 e5+ 33. Ke3 Ke6 34. Rh1 b4 35. Rh6+ f6 36. Rh7 Bc6 37. Ra7 Bb5 38. d4 b3 39. Rh7 Bc4 40.
Rh2 a5 41. f4 exf4+ 42. Kxf4 a4 43. exd5+ Kxd5 44. Ke3 a3 45. Rh5+ Kc6 46. Rc5+ Kd6 47.
Kd2 a2 48. Ra5 b2 0-1

[Event "*** Titled Tuesday Blitz"]
[Site "Chess.com"]
[Date "2020.10.27"]
[Round "9"]
[White "BogdanBelyakov89"]
[Black "Snegokhod"]
[Result "0-1"]
[WhiteElo "2571"]
[BlackElo "2464"]
[TimeControl "180+1"]
[EndTime "11:46:08 PDT"]
[Termination "Snegokhod won by checkmate"]

1. e4 c5 2. Nf3 d6 3. d4 cxd4 4. Nxd4 Nf6 5. Nc3 a6 6. Bg5 Nbd7 7. Qe2 e6 8. f4 Be7 9. O-O-O Qc7 10. Kb1 b5 11. g4 Bb7 12. Bg2 O-O 13. Bxf6 Bxf6 14. g5 Bxd4 15. Rxd4 e5 16. fxe5 dxe5 17. Nd5 Bxd5 18.
Rxd5 Nb6 19. Rdd1 Nc4 20. h4 Rad8 21. Rd5 Nb6 22. Rd3 Rxd3 23. cxd3 Qd6 24. Rd1 Qd4 25. h5 Na4 26. h6 Rc8 27. hxg7 Kxg7 28. Bh3 Rc6 29.
Bf5 Qb4 30. Ka1 Qc5 31. a3 b4 32. Qh5 bxa3 33. Qxh7+ Kf8 34. g6 axb2+ 35. Ka2 Nc3+ 36. Kb3 Qb5+ 37. Kc2 Nxd1+ 38. Kd2 Qb4+ 39. Ke2 Rc2+ 40. Kf3 fxg6 41. Qh8+ Ke7 42. Qg7+ Ke8 43. Qd7+ Kf8 44.
Qd8+ Kg7 45. Qd7+ Kh6 46. Qe6 Rf2+ 47. Kg3 Rxf5 48. exf5 Qf4+ 49. Kg2 Ne3+ 50. Kh3 Qg4+ 51. Kh2 Qg2# 0-1